 Dungeon Crawl Stone Soup version 0.17.0-23-g0de4337 (webtiles) character file.

44185 MDvedh the Thaumaturge (level 14, -10/88 HPs)
             Began as a Tengu Conjurer on Nov 14, 2015.
             Was a High Priest of Vehumet.
             Mangled by an eight-headed hydra (13 damage)
             ... on level 7 of the Lair of Beasts.
             The game lasted 01:04:31 (25849 turns).

MDvedh the Thaumaturge (Tengu Conjurer)            Turns: 25849, Time: 01:04:31

Health: -10/88     AC:  9    Str:  8    XL:     14   Next: 27%
Magic:  0/30       EV: 21    Int: 19    God:    Vehumet [*****.]
Gold:   797        SH:  0    Dex: 17    Spells: 8 memorised, 10 levels left

rFire  . . .     SeeInvis .     j - +1 mace (protect)
rCold  . . .     Clarity  .     a - +0 robe
rNeg   + . .     SustAt   .     (no shield)
rPois  +         Gourm    .     (helmet restricted)
rElec  .         Spirit   .     (no cloak)
rCorr  .         Warding  +     E - +1 pair of gloves {archery}
rMut   .         Stasis   .     (boots unavailable)
MR     ++...                    w - amulet of warding
Stlth  ++........               P - ring of poison resistance
                                x - ring of protection from magic

@: very resistant to hostile enchantments, unstealthy
A: beak, talons 3, able to fly 2
a: Fly, Renounce Religion


You were on level 7 of the Lair of Beasts.
You worshipped Vehumet.
Vehumet was extremely pleased with you.
You were not hungry.

You visited 3 branches of the dungeon, and saw 16 of its levels.
You also visited: Ossuary.

You collected 887 gold pieces.
You spent 90 gold pieces at shops.

Inventory:

Hand Weapons
 j - a +1 mace of protection (weapon)
Armour
 a - a +0 robe (worn)
 E - a +1 pair of gloves of archery (worn)
Jewellery
 h - an uncursed ring of positive energy
 v - a +3 ring of dexterity
 w - an amulet of warding (around neck)
 x - a ring of protection from magic (left hand)
 K - an uncursed ring of protection from cold
 M - an uncursed ring of wizardry
 P - a ring of poison resistance (right hand)
Wands
 f - a wand of draining (8)
 L - a wand of paralysis (10)
 O - a wand of paralysis (17)
 Q - a wand of digging (11)
Scrolls
 d - 4 scrolls of teleportation
 g - 6 scrolls of enchant weapon
 n - 5 scrolls of remove curse
 o - 8 scrolls of identify
 q - 2 scrolls of recharging
 y - 2 scrolls of enchant armour
 G - a scroll of blinking
 H - a scroll of fear
 J - a scroll of magic mapping
Potions
 e - 6 potions of curing
 i - 3 potions of ambrosia
 k - 4 potions of haste
 l - 3 potions of brilliance
 p - 3 potions of lignification
 s - 4 potions of cancellation
 t - 5 potions of might
 z - a potion of resistance
 B - 4 potions of flight
 C - a potion of cure mutation
 F - a potion of agility
 I - 2 potions of magic
Books
 b - a book of Conjurations

   Spells                             Type                      Level
   a - Magic Dart                     Conjuration                  1
   b - Searing Ray                    Conjuration                  2
   c - Dazzling Spray                 Conjuration/Hexes            3
   d - Fulminant Prism                Conjuration/Hexes            4
   e - Iskenderun's Mystic Blast      Conjuration                  4
   f - Iskenderun's Battlesphere      Conjuration/Charms           5
 u - a book of Burglary

   Spells                             Type                      Level
   a - Swiftness                      Charms/Air                   2
   b - Passwall                       Transmutation/Earth          3
   c - Passage of Golubria            Translocation                4
   d - Lee's Rapid Deconstruction     Earth                        5
   e - Darkness                       Hexes                        6
   f - Invisibility                   Hexes                        6
Comestibles
 c - 3 bread rations
 r - 9 fruits
 A - 3 slices of pizza
 D - 4 chunks of flesh
 N - a meat ration


   Skills:
 + Level 10.7 Fighting
 + Level 11.5 Dodging
 - Level 2.0 Stealth
 + Level 11.6 Spellcasting
 - Level 11.4 Conjurations
 - Level 10.9 Charms
 - Level 3.7 Fire Magic


You had 10 spell levels left.
You knew the following spells:

 Your Spells              Type           Power        Failure   Level  Hunger
a - Magic Dart            Conj           ####         1%          1    None
b - Searing Ray           Conj           ######       1%          2    None
c - Iskenderun's Battles  Conj/Chrm      ######..     1%          5    ####...
d - Flame Tongue          Conj/Fire      #####        1%          1    None
e - Fulminant Prism       Conj/Hex       ####......   2%          4    ##.....
f - Iskenderun's Mystic   Conj           ######..     1%          4    ##.....
g - Sticky Flame          Conj/Fire      #####...     1%          4    ##.....
h - Fireball              Conj/Fire      #####.....   2%          5    ####...


Dungeon Overview and Level Annotations

Branches:
Dungeon (8/15)             Temple (1/1) D:5            Lair (7/8) D:8
  Snake (0/4) Lair:6        Slime (0/6) Lair:6
  Swamp: Lair:3-6    Shoals: Lair:3-6

Altars:
Ashenzari
Cheibriados
Dithmenos
Elyvilon
Fedhas
Gozag
Kikubaaqudgha
Makhleb
Nemelex Xobeh
Okawaru
Qazlal
Ru
Sif Muna
Trog
Vehumet
Xom
Yredelemnul
Zin
The Shining One
Jiyva

Shops:
D:7 *

Annotations:
Lair:4 2 exclusions


Innate Abilities, Weirdness & Mutations

You have a beak for a mouth.
You have claws for feet.
You can fly continuously.


Message History

Casting: Magic Dart
Confirm with . or Enter, or press ? or * to list all spells.
Aiming: Magic Dart
Press: ? - help, Shift-Dir - straight line, f/p - eight-headed hydra
Aim: an eight-headed hydra (severely wounded)
The magic dart hits the eight-headed hydra.
The eight-headed hydra is severely wounded.
The barrage of energy hits the eight-headed hydra.
The eight-headed hydra is almost dead.
The eight-headed hydra bites you! x2
The eight-headed hydra bites you.
The eight-headed hydra closely misses you.
The eight-headed hydra bites you. x2
The eight-headed hydra bites you!
* * * LOW HITPOINT WARNING * * *
The eight-headed hydra bites you!
* * * LOW HITPOINT WARNING * * *
Unknown command.
The eight-headed hydra bites you!
You die...

#....##.........P.#,,,,,,,,,,,
###...##...........,*,,,,,,,,,
#.<###...#.......,.*,,*,,*,,
###.###....#...###..*,,****,,
#.........#.....#P.#*,,,***,,
*##....##.#....#...#**,,,,,*,
####..!#..P.......**,,,,,,,
#..#††.P#...#,,****,*,,,*
####...D@..#.*** *******
#.#...#.##** * ##.....##
#P....# #..†P##** #P...P,,*
#.P.P.P,* ##.PP.P#* *#P.P..#*
*** ***


You could see an eight-headed hydra.

Vanquished Creatures
  7 hydras
  A catoblepas (Lair:4)
  2 death yaks (Lair:6)
  A hill giant (D:7)
  2 griffons
  16 elephants
  Joseph (Lair:1)
  4 black mambas
  A naga mage (Lair:6)
  11 spiny frogs
  A fire drake (Lair:6)
  10 komodo dragons
  Grinder (D:4)
  A polar bear (Lair:6)
  11 blink frogs
  A wyvern (Lair:3)
  43 yaks
  8 hippogriffs
  4 hungry ghosts (D:8)
  2 basilisks
  17 wolves
  10 water moccasins
  2 soldier ants (Lair:4)
  8 porcupines
  2 orc warriors
  3 black bears
  2 centaurs
  3 ogres
  4 phantoms
  A necrophage (D:5)
  10 crocodiles
  An ice beast (D:6)
  The ghost of MDvedh the Conjurer, an amateur TeCj (D:3)
  13 giant frogs
  A big kobold (D:8)
  An elf skeleton (D:5)
  A water moccasin skeleton (D:7)
  A water moccasin zombie (D:8)
  4 scorpions
  3 crimson imps
  A centaur zombie (D:6)
  A giant frog zombie (D:7)
  7 orc priests
  3 hounds
  3 electric eels
  12 iguanas
  Jessica (D:2)
  A human skeleton (D:5)
  12 worker ants
  6 orc wizards
  6 sheep
  3 killer bee zombies
  A hound skeleton (D:4)
  11 mummies (Ossuary)
  80 river rats
  A worker ant zombie (D:8)
  11 adders
  An ooze (D:5)
  An adder zombie (D:7)
  3 adder skeletons
  6 worms
  6 giant geckos
  25 orcs
  5 ball pythons
  7 giant cockroaches
  15 goblins
  8 hobgoblins
  6 bats
  6 giant newts
  2 gnoll skeletons (Ossuary)
  4 goblin skeletons (Ossuary)
  13 jackals
  2 jackal zombies (D:8)
  17 kobolds
  2 kobold skeletons (Ossuary)
  2 orc skeletons (D:5)
  2 orc zombies (D:5)
  3 quokkas
  A quokka skeleton (D:4)
  A quokka zombie (D:6)
  5 rats
  11 rat skeletons (Ossuary)
530 creatures vanquished.

Vanquished Creatures (others)
  A bush (Lair:2)
  29 fulminant prisms
  30 fungi
  4 plants
64 creatures vanquished.

Grand Total: 594 creatures vanquished

Notes
Turn   | Place    | Note
--------------------------------------------------------------
     0 | D:1      | MDvedh the Tengu Conjurer began the quest for the Orb.
     0 | D:1      | Reached XP level 1. HP: 10/10 MP: 4/4
   328 | D:1      | Reached XP level 2. HP: 15/15 MP: 3/6
   361 | D:1      | Learned a level 2 spell: Searing Ray
  1406 | D:2      | Reached XP level 3. HP: 19/19 MP: 6/8
  1602 | D:2      | Found an iron altar of Okawaru.
  1777 | D:2      | Noticed Jessica
  1779 | D:2      | Killed Jessica
  1779 | D:2      | Reached skill level 6 in Conjurations
  1779 | D:2      | Reached XP level 4. HP: 24/24 MP: 7/10
  1812 | D:2      | Found an opulent altar of Gozag.
  1997 | D:2      | Learned a level 4 spell: Iskenderun's Mystic Blast
  2406 | D:2      | Found a blossoming altar of Fedhas.
  2632 | D:3      | Gained mutation: You can fly. [Tengu growth]
  2632 | D:3      | Reached XP level 5. HP: 28/28 MP: 7/11
  2647 | D:3      | Noticed MDvedh's ghost (amateur TeCj)
  2677 | D:3      | Killed MDvedh's ghost
  2980 | D:3      | Learned a level 5 spell: Iskenderun's Battlesphere
  3151 | D:3      | Reached XP level 6. HP: 32/32 MP: 11/13
  3204 | D:3      | Found a sacrificial altar of Ru.
  3344 | D:3      | Reached skill level 7 in Conjurations
  3585 | D:4      | Noticed Grinder
  3623 | D:4      | Reached skill level 5 in Spellcasting
  4080 | D:4      | Found a deep blue altar of Sif Muna.
  4189 | D:4      | Reached XP level 7. HP: 36/36 MP: 12/16
  4304 | D:4      | Paralysed by Grinder for 5 turns
  4320 | D:4      | Paralysed by Grinder for 5 turns
  4343 | D:4      | Killed Grinder
  4343 | D:4      | Reached skill level 8 in Conjurations
  4960 | D:4      | Reached skill level 1 in Charms
  5326 | D:4      | Reached XP level 8. HP: 31/41 MP: 1/18
  5511 | D:5      | Entered Level 5 of the Dungeon
  5518 | D:5      | Reached skill level 9 in Conjurations
  5762 | D:5      | Found a sand-covered staircase.
  5842 | Ossuary  | Entered an ossuary
  7114 | D:5      | Found a white marble altar of Elyvilon.
  7143 | D:5      | Found a staircase to the Ecumenical Temple.
  7168 | Temple   | Entered the Ecumenical Temple
  7181 | Temple   | Reached skill level 10 in Conjurations
  8045 | D:5      | Found a sparkling altar of Nemelex Xobeh.
  8237 | D:5      | Reached XP level 9. HP: 45/45 MP: 14/19
  8391 | D:6      | Reached skill level 11 in Conjurations
  8669 | D:6      | Found a glowing silver altar of Zin.
  8877 | D:6      | Reached skill level 10 in Charms
  8877 | D:6      | Reached XP level 10. HP: 46/50 MP: 13/20
  9126 | D:6      | Reached skill level 1 in Fighting
  9734 | D:7      | Noticed a hill giant
  9752 | D:7      | Found a radiant altar of Vehumet.
  9760 | D:7      | Became a worshipper of Vehumet
  9774 | D:7      | Killed a hill giant
  9977 | D:7      | Found Huzu's General Store.
  9983 | D:7      | Bought a scroll of blinking for 90 gold pieces
 11222 | D:8      | Found a shimmering altar of Xom.
 11238 | D:8      | Reached * piety under Vehumet
 11238 | D:8      | Offered knowledge of Flame Tongue by Vehumet.
 11241 | D:8      | Learned a level 1 spell: Flame Tongue
 11363 | D:8      | Noticed an elephant
 11374 | D:8      | Killed an elephant
 11830 | D:8      | Reached XP level 11. HP: 60/60 MP: 18/22
 11884 | D:8      | Found a staircase to the Lair.
 12255 | D:8      | Found an ancient bone altar of Kikubaaqudgha.
 12557 | Lair:1   | Entered Level 1 of the Lair of Beasts
 12561 | Lair:1   | Offered knowledge of Freeze by Vehumet.
 12563 | Lair:1   | Reached ** piety under Vehumet
 12711 | Lair:1   | Noticed a six-headed hydra
 12717 | Lair:1   | Killed a six-headed hydra
 12717 | Lair:1   | Reached skill level 5 in Dodging
 12792 | Lair:1   | Noticed Joseph
 12797 | Lair:1   | Killed Joseph
 13054 | D:8      | Reached skill level 5 in Fighting
 13732 | Lair:1   | Identified a scroll of acquirement
 14840 | Lair:2   | Learned a level 4 spell: Fulminant Prism
 15095 | Lair:2   | Offered knowledge of Inner Flame by Vehumet.
 15511 | Lair:2   | HP: 3/64 [wolf (12)]
 15638 | Lair:1   | Gained mutation: You are dopey. (Int -2) [potion of mutation]
 15638 | Lair:1   | Gained mutation: You can translocate small distances at will. [potion of mutation]
 15638 | Lair:1   | Gained mutation: You are very dopey. (Int -4) [potion of mutation]
 15639 | Lair:1   | Lost mutation: You can translocate small distances at will. [potion of cure mutation]
 15639 | Lair:1   | Lost mutation: You are very dopey. (Int -4) [potion of cure mutation]
 15639 | Lair:1   | Lost mutation: You are dopey. (Int -2) [potion of cure mutation]
 15690 | Lair:2   | Reached XP level 12. HP: 55/70 MP: 10/25
 16099 | Lair:2   | Reached *** piety under Vehumet
 17238 | Lair:3   | Offered knowledge of Conjure Flame by Vehumet.
 17947 | Lair:3   | Noticed an eight-headed hydra
 17952 | Lair:3   | Killed an eight-headed hydra
 18383 | Lair:3   | Reached **** piety under Vehumet
 18841 | Lair:4   | Offered knowledge of Sticky Flame by Vehumet.
 19127 | Lair:4   | Noticed a five-headed hydra
 19132 | Lair:4   | Killed a five-headed hydra
 19203 | Lair:4   | Reached skill level 10 in Spellcasting
 19543 | Lair:4   | Noticed a catoblepas
 19557 | Lair:4   | Killed a catoblepas
 19557 | Lair:4   | Reached XP level 13. HP: 31/79 MP: 10/28
 19873 | Lair:3   | Noticed a six-headed hydra
 21196 | Lair:4   | Noticed an eight-headed hydra
 21206 | Lair:4   | Killed an eight-headed hydra
 21206 | Lair:4   | Reached skill level 10 in Dodging
 21242 | Lair:4   | Learned a level 4 spell: Sticky Flame
 21921 | Lair:5   | Reached ***** piety under Vehumet
 21929 | Lair:5   | Offered knowledge of Fireball by Vehumet.
 21936 | Lair:5   | Learned a level 5 spell: Fireball
 22325 | Lair:6   | Found a staircase to the Snake Pit.
 22461 | Lair:6   | Reached skill level 1 in Fire Magic
 22812 | Lair:6   | Found a staircase to the Slime Pits.
 22813 | Lair:6   | Found a viscous altar of Jiyva.
 23330 | Lair:6   | Reached skill level 10 in Fighting
 24277 | Lair:7   | Gained mutation: You can fly continuously. [Tengu growth]
 24277 | Lair:7   | Reached XP level 14. HP: 66/88 MP: 23/30
 24997 | Lair:6   | Offered knowledge of Spellforged Servitor by Vehumet.
 25847 | Lair:7   | HP: 2/88 [eight-headed hydra (11)]
 25849 | Lair:7   | Mangled by an eight-headed hydra

Action                   |  1- 3 |  4- 6 |  7- 9 | 10-12 | 13-15 || total
-------------------------+-------+-------+-------+-------+-------++-------
Melee: Unarmed           |     2 |       |       |       |       ||     2
       Mace              |    27 |    70 |   143 |   289 |    24 ||   553
 Cast: Magic Dart        |    58 |    60 |    41 |   349 |   389 ||   897
       Searing Ray       |     1 |    12 |    44 |    57 |     6 ||   120
       Iskenderun's Myst |       |       |     6 |    26 |    38 ||    70
       Iskenderun's Batt |       |       |       |    55 |    74 ||   129
       Fulminant Prism   |       |       |       |    18 |    11 ||    29
       Sticky Flame      |       |       |       |       |    17 ||    17
       Fireball          |       |       |       |       |     2 ||     2
  Use: Scroll            |     3 |     1 |    18 |    12 |     4 ||    38
       Potion            |       |       |     2 |     6 |     2 ||    10
 Stab: Sleeping          |       |     4 |     4 |       |       ||     8
  Eat: Chunk             |     3 |     8 |     6 |    32 |    18 ||    67
       Bread ration      |       |       |     2 |     3 |     4 ||     9
       Fruit             |       |       |     1 |     4 |     1 ||     6
       Beef jerky        |       |       |       |     3 |       ||     3
       Pizza             |       |       |       |     1 |       ||     1
